 Dungeon Crawl Stone Soup version 0.27.0-1-g7a089689b8 (webtiles) character file.

Game seed: 2425433673233172510

8343 MajorAdolf the Covert (level 11, -5/100 HPs)
             Began as a Naga Wanderer on Aug 13, 2021.
             Was an Initiate of Gozag.
             Splashed by a brown ugly thing's acid (9 damage)
             ... on level 10 of the Dungeon.
             The game lasted 00:38:23 (22579 turns).

MajorAdolf the Covert (Naga Wanderer)              Turns: 22579, Time: 00:38:23

Health: -5/100     AC:  7    Str: 21    XL:     11   Next: 29%
Magic:  17/22      EV:  7    Int: 12    God:    Gozag
Gold:   1051       SH:  0    Dex: 14    Spells: 4/25 levels left

rFire    + + .     SeeInvis +   n - +2 trident (vorpal)
rCold    + + .     Faith    .   (no shield)
rNeg     . . .     Spirit   .   u - +2 robe {rC+ rF+}
rPois    +         Reflect  .   (no helmet)
rElec    +         Harm     .   G - scarf {rC+ rF+}
rCorr    .         Rampage  .   (no gloves)
Will     +....                  d - +6 lightning scales {swift, rElec}
Stlth    +++++.....             (no amulet)
HPRegen  0.26/turn              t - ring of wizardry
MPRegen  0.18/turn              y - +6 ring of strength

@: ice-armoured, corroded, freezing walls, studying 2 skills, slow
A: AC +3, large, see invisible, deformed body, poison resistance, slowness 2,
spit poison 1, naga tail 1
a: Spit Poison, Renounce Religion, Potion Petition, Call Merchant, Bribe Branch


You were on level 10 of the Dungeon.
You worshipped Gozag.
Gozag was most pleased with you.
You visited 2 branches of the dungeon, and saw 11 of its levels.
You also visited: Bailey.

You collected 1763 gold pieces.
You spent 587 gold pieces at shops.
You paid 125 gold pieces to Gozag.

Inventory:

Hand Weapons
 f - a +3 dagger
 n - a +2 vorpal trident (weapon)
Armour
 d - the +6 lightning scales (worn) {swift, rElec}
   (You acquired it on level 8 of the Dungeon)

   It allows the wearer to cover ground more swiftly.
   rElec:     It insulates you from electricity.
 k - a +0 cloak
 u - a +2 robe of resistance (worn)
 G - a scarf of resistance (worn)
Jewellery
 t - a ring of wizardry (left hand)
 y - a +6 ring of strength (right hand)
 F - a +6 ring of dexterity
 I - a ring of flight
 K - an amulet of guardian spirit
Wands
 c - a wand of charming (2)
 w - a wand of paralysis (11)
 E - a wand of flame (44)
Scrolls
 a - a scroll of holy word
 e - a scroll of teleportation
 g - 4 scrolls of magic mapping
 l - 3 scrolls of fear
 p - 2 scrolls of fog
 q - 4 scrolls of amnesia
 v - 2 scrolls of noise {unknown}
 z - a scroll of vulnerability {unknown}
 A - 2 scrolls of torment {unknown}
 C - 2 scrolls of immolation {unknown}
 D - a scroll of enchant armour {unknown}
 H - a scroll of brand weapon {unknown}
 J - a scroll of enchant weapon {unknown}
 L - 2 scrolls of identify
Potions
 b - 3 potions of curing
 h - 6 potions of mutation {unknown}
 i - a potion of heal wounds
 j - a potion of magic {unknown}
 m - 2 potions of resistance {unknown}
 o - 3 potions of flight {unknown}
 r - 2 potions of ambrosia {unknown}
 s - a potion of lignification
 x - a potion of degeneration {unknown}
 B - 3 potions of might


   Skills:
 + Level 7.0 Fighting
 - Level 1.0 Long Blades
 + Level 11.7 Stealth
 - Level 1.0 Shields
 + Level 7.7 Spellcasting
 + Level 7.0 Conjurations
 + Level 9.9 Ice Magic


You had 4 spell levels left.
You knew the following spells:

 Your Spells              Type           Power      Damage    Failure   Level
a - Freeze                Ice            100%       1d11      1%          1
b - Frozen Ramparts       Ice            56%        1d7       1%          3
c - Ozocubu's Armour      Ice            28%        N/A       1%          3
d - Hailstorm             Conj/Ice       25%        3d7       1%          4
e - Ensorcelled Hibernat  Hex/Ice        32%        N/A       1%          2
f - Summon Ice Beast      Ice/Summ       16%        N/A       8%          4
g - Ice Form              Ice/Tmut       16%        N/A       8%          4

Your spell library contained the following spells:

 Spells                   Type           Power      Damage    Failure   Level
 Foxfire                  Conj/Fire      52%        2x1d6     1%          1
 Static Discharge         Conj/Air       13%        N/A       2%          2
 Conjure Flame            Conj/Fire      13%        6-21      4%          3
 Dazzling Flash           Conj/Hex       26%        N/A       4%          3
 Mephitic Cloud           Conj/Pois/Air  10%        N/A       7%          3
 Iskenderun's Mystic Bla  Conj/Tloc      13%        2d5       14%         4
 Sticky Flame             Conj/Fire      13%        2d4       14%         4
 Ignite Poison            Fire/Tmut/Pois 4%         N/A       17%         3
 Inner Flame              Hex/Fire       4%         N/A       17%         3
 Portal Projectile        Hex/Tloc       8%         N/A       17%         3
 Spider Form              Tmut/Pois      2%         N/A       17%         3
 Dispel Undead            Necr           4%         3d7       50%         4
 Bolt of Magma            Conj/Fire/Erth 5%         4d5       52%         5
 Blade Hands              Tmut           2%         N/A       82%         5
 Excruciating Wounds      Necr           2%         N/A       82%         5
 Starburst                Conj/Fire      6%         8x6d4     89%         6
 Shadow Creatures         Summ           N/A        N/A       100%        6


Dungeon Overview and Level Annotations

Branches:
Dungeon (10/15)            Temple (1/1) D:6             Orc (0/2) D:10
 Bailey (visited)
   Lair: D:8-11

Altars:
Ashenzari
Cheibriados
Dithmenos
Elyvilon
Fedhas
Gozag
Hepliaklqana
Kikubaaqudgha
Makhleb
Nemelex Xobeh
Okawaru
Qazlal
Ru
Sif Muna
Trog
Uskayaw
Vehumet
Wu Jian
Xom
Yredelemnul
Zin
The Shining One
Beogh

Shops:
D:5 (:   D:7 !*

Annotations:
D:4 exclusion: centaur, Dowan, Duvessa
D:8 exclusion: 5 slime creatures


Innate Abilities, Weirdness & Mutations

Your serpentine skin is tough. (AC +3)
You have supernaturally acute eyesight. (SInv)
Armour fits poorly on your strangely shaped body.
Your system is resistant to poisons. (rPois)
You cover ground very slowly.
You can spit poison.
You have a snake-like lower body.


Message History

Casting: Frozen Ramparts (safe; 1% risk of failure)
Confirm with . or Enter, or press ? or * to list all spells.
A film of ice covers your body!
The wall freezes the acid dragon!
The wall freezes the brown ugly thing.
The brown ugly thing tail-slaps you but does no damage.
Unknown command.
You hit the brown ugly thing.
The brown ugly thing is lightly wounded.
The wall freezes the acid dragon.
The wall freezes the brown ugly thing.
The brown ugly thing tail-slaps you. The acid corrodes you!
You are splashed with acid!
Unknown command.
You puncture the brown ugly thing!
The brown ugly thing is moderately wounded.
The wall freezes the acid dragon.
The acid dragon spits acid at you. The splash of acid hits you.
You are splashed with acid!
* * * LOW HITPOINT WARNING * * *
The wall freezes the brown ugly thing.
The brown ugly thing tail-slaps you.
* * * LOW HITPOINT WARNING * * *
The acid corrodes you!
You are splashed with acid!
* * * LOW HITPOINT WARNING * * *
You feel much better.
The wall freezes the acid dragon!
The acid dragon closely misses you.
The acid dragon claws you but does no damage.
The wall freezes the brown ugly thing!
The brown ugly thing tail-slaps you!
* * * LOW HITPOINT WARNING * * *
You are splashed with acid!
* * * LOW HITPOINT WARNING * * *
As you read the scroll of fear, it crumbles to dust.
You assume a fearsome visage.
The acid dragon looks frightened!
The brown ugly thing looks frightened!
The wall freezes the acid dragon!
Your attack snaps the acid dragon out of its fear.
The wall freezes the brown ugly thing.
Your attack snaps the brown ugly thing out of its fear.
The brown ugly thing tail-slaps you!
* * * LOW HITPOINT WARNING * * *
The acid corrodes you!
You are splashed with acid!
You die...
Your body crumbles into a pile of gold.

......######......#*****+*,,,,,,,
......# #.........,,,,,,,,,,,,
......# #.........,,,,,,,,,,,,
......# #..#######***,,,,,,,,,
......######..#,,,,,,,,*,,,,,,,,,
..............#,,,,,,,,*,,,,,,,,,
..............#,,,,,,,,*,,,,,,,,,
..............########+#..,,,,,,,
................@u........,,,,,,,
..................D.......,,,,,,,
...............######.....,,,>,,,
...............# *,....,,,,,,,
...............# *,,...,,,,,,,
..############## *,,,..,,,,,,,
..# *,,,,.,****** ### *,,,,,,*
*,,,,,,*


You could see a brown ugly thing and an acid dragon (fleeing, catching breath).

Vanquished Creatures
  A catoblepas (D:10)
  2 cyclopes
  A manticore (D:10)
  An unseen horror (D:6)
  A komodo dragon (D:10)
  Prince Ribbit (D:5)
  A shadow (D:9)
  Eustachio (D:6)
  A wyvern (D:8)
  A steam dragon (D:10)
  2 water moccasins
  3 ice beasts
  13 orc warriors
  A black bear (D:6)
  2 sky beasts
  2 ogres
  10 centaurs
  2 phantoms (D:5)
  A kobold brigand (D:9)
  3 bullfrogs
  2 scorpions
  An electric eel (D:9)
  5 wights (D:7)
  A howler monkey (D:10)
  A bullfrog zombie (D:5)
  2 centaur zombies
  2 jellies (D:6)
  Crazy Yiuf (D:2)
  A centaur skeleton (D:5)
  7 orc priests
  2 hounds
  A bullfrog skeleton (D:6)
  2 gnoll shamans
  3 iguanas
  Natasha (thrice) (D:3)
  9 orc wizards
  14 gnolls
  5 adders
  2 white imps
  4 worms
  A dart slug (D:3)
  49 orcs
  11 endoplasms
  A giant cockroach (D:1)
  12 goblins
  8 hobgoblins
  15 jackals
  6 kobolds
  3 quokkas
  5 ball pythons
  7 bats
  8 frilled lizards
  5 rats
249 creatures vanquished.

Vanquished Creatures (collateral kills)
  Maggie (D:6)
1 creature vanquished.

Vanquished Creatures (others)
  A hound (D:5)
  An orc (D:4)
  A ball python (D:4)
  A giant cockroach (D:4)
  A goblin (D:4)
5 creatures vanquished.

Grand Total: 255 creatures vanquished

Notes
Turn   | Place    | Note
-------+----------+-------------------------------------------
     0 | D:1      | MajorAdolf the Naga Wanderer began the quest for the Orb.
     0 | D:1      | MajorAdolf set off with the following items: a +0
                  | quarterstaff, a potion of curing, a +0 robe, a +0 dagger;
                  | and the following spell memorised: Freeze; and the
                  | following spells available to memorise: Frozen Ramparts,
                  | Ozocubu's Armour, Hailstorm
     0 | D:1      | Reached XP level 1. HP: 15/15 MP: 1/1
   388 | D:1      | Reached XP level 2. HP: 22/22 MP: 3/3
   397 | D:1      | Reached skill level 1 in Spellcasting
  1095 | D:1      | Reached XP level 3. HP: 22/28 MP: 0/5
  2323 | D:1      | Learned a level 3 spell: Frozen Ramparts
  3131 | D:2      | Found a runed translucent door.
  3132 | D:2      | Noticed Crazy Yiuf
  3188 | D:2      | Reached XP level 4. HP: 36/36 MP: 7/7
  3313 | D:2      | Found a faded altar of an unknown god.
  3663 | D:2      | Learned a level 3 spell: Ozocubu's Armour
  4371 | D:2      | Killed Crazy Yiuf
  5009 | D:3      | Reached XP level 5. HP: 30/42 MP: 4/9
  5287 | D:3      | Found an iron altar of Okawaru.
  5562 | D:3      | Found a shimmering altar of Xom.
  5562 | D:3      | Found a snail-covered altar of Cheibriados.
  5563 | D:3      | Found a broken altar of Ashenzari.
  5578 | D:3      | Noticed Natasha
  5589 | D:3      | Killed Natasha
  5887 | D:3      | Noticed Natasha
  5895 | D:3      | Killed Natasha
  5984 | D:3      | Noticed Natasha
  5991 | D:3      | Killed Natasha
  5992 | D:3      | Reached XP level 6. HP: 25/49 MP: 7/11
  6728 | D:4      | Found a hide-covered altar of Uskayaw.
  6871 | D:4      | Noticed Dowan
  7098 | D:4      | Found a white marble altar of Elyvilon.
  7229 | D:4      | Learned a level 4 spell: Hailstorm
  7236 | D:4      | Noticed Duvessa
  7389 | D:4      | Found a sacrificial altar of Ru.
  7413 | D:4      | Found a shadowy altar of Dithmenos.
  8026 | D:5      | Entered Level 5 of the Dungeon
  8303 | D:5      | Reached skill level 1 in Fighting
  8303 | D:5      | Reached skill level 1 in Conjurations
  8303 | D:5      | Reached XP level 7. HP: 14/57 MP: 3/13
  8646 | D:5      | Noticed Prince Ribbit
  8647 | D:5      | Found a stormy altar of Qazlal.
  8862 | D:5      | Reached skill level 5 in Stealth
  9051 | D:5      | Killed Prince Ribbit
  9300 | D:5      | Reached XP level 8. HP: 58/67 MP: 4/15
  9407 | D:5      | Found Voro Puumi's Book Shop.
  9463 | D:5      | Reached skill level 6 in Stealth
  9515 | D:5      | Found Ocluarargh's Antique Weapon Shoppe.
  9965 | D:6      | Reached skill level 5 in Spellcasting
 10064 | D:6      | Found a staircase to the Ecumenical Temple.
 10169 | D:6      | Noticed Eustachio
 10174 | D:6      | Found a shimmering blue altar of Sif Muna.
 10203 | Temple   | Entered the Ecumenical Temple
 10272 | Temple   | Became a worshipper of Gozag Ym Sagoz the Greedy
 10405 | D:6      | Killed Eustachio
 10406 | D:6      | Reached skill level 7 in Stealth
 10764 | D:6      | Reached XP level 9. HP: 70/78 MP: 17/17
 11074 | D:6      | Noticed an unseen horror
 11103 | D:6      | Killed an unseen horror
 11104 | D:6      | Reached skill level 8 in Stealth
 11470 | D:6      | Noticed Maggie
 11529 | D:7      | Found Kouwo's Lightly-Used Armoury.
 11912 | D:7      | Found Cesik's Distillery.
 11938 | D:7      | Bought 2 potions of lignification for 78 gold pieces
 11938 | D:7      | Bought a potion of heal wounds for 65 gold pieces
 11938 | D:7      | Bought a potion of might for 52 gold pieces
 12891 | D:7      | Reached skill level 9 in Stealth
 13193 | D:8      | Reached skill level 5 in Fighting
 13206 | D:8      | Reached skill level 5 in Conjurations
 13259 | D:8      | Found a flagged portal.
 13268 | Bailey   | Entered a bailey
 14038 | Bailey   | Reached XP level 10. HP: 62/88 MP: 13/19
 14403 | Bailey   | Learned a level 2 spell: Ensorcelled Hibernation
 16117 | Bailey   | Reached skill level 10 in Stealth
 18118 | D:8      | Acquired the +6 lightning scales {swift, rElec}
 18119 | D:8      | Found the +6 lightning scales {swift, rElec}
 18375 | D:8      | Noticed a cyclops
 18382 | D:8      | Killed a cyclops
 18707 | D:5      | Bought a book of Rime for 392 gold pieces
 18712 | D:5      | Learned a level 4 spell: Summon Ice Beast
 18717 | D:5      | Learned a level 4 spell: Ice Form
 19171 | D:6      | Killed Maggie
 19300 | D:8      | Found a sparkling altar of Nemelex Xobeh.
 19874 | D:9      | Found an ancient bone altar of Kikubaaqudgha.
 19951 | D:9      | Noticed a cyclops
 19965 | D:9      | Killed a cyclops
 19966 | D:9      | Reached skill level 11 in Stealth
 20461 | D:9      | Reached XP level 11. HP: 91/99 MP: 22/22
 20907 | D:10     | Entered Level 10 of the Dungeon
 21491 | D:10     | Noticed a catoblepas
 21518 | D:10     | Killed a catoblepas
 22011 | D:10     | Noticed a manticore
 22033 | D:10     | Killed a manticore
 22428 | D:10     | Found a staircase to the Orcish Mines.
 22568 | D:10     | Noticed a brown ugly thing
 22579 | D:10     | HP: 4/100 [brown ugly thing (9)]
 22579 | D:10     | Splashed by a brown ugly thing's acid

Illustrated notes

Levels and vault maps discovered:
D:1:      dpeg_arrival_rooms_a, layout_basic, minmay_tetromino_o4
D:2:      minmay_chambers_of_twos, layout_loops_corners,
          shapermc_ecumenical_altar_mp_highgroup, uniq_crazy_yiuf_cottage
D:3:      layout_basic, okawaru_ov_weapons_minmay,
          gammafunk_temple_overflow_claw, uniq_natasha
D:4:      layout_cave_pools, overflow_temple_1_default, elyvilon_altar_1,
          nicolae_ru_awakened_eye, old_standard_altar, lemuel_flame_loot_1,
          uniq_duvessa
D:5:      layout_loops_ring, nicolae_qazlal_scattered_showers, serial_shops,
          kennysheep_little_box, nicolae_shop_trees, st_stairs_13,
          uniq_prince_ribbit1
D:6:      layout_basic, mainiacjoe_overflow_concentric_impassable,
          minmay_temple_entry_stoned_glass, uniq_eustachio, uniq_maggie
D:7:      layout_basic, serial_shops, nicolae_shop_statue_plus,
          minmay_shop_damaged
D:8:      layout_basic, mainiacjoe_overflow_small_starburst, enter_bailey_2
D:9:      statuecave_lemuel, layout_stronghold, kiku_gazebo_pond_becter,
          minmay_misc_feat_secret_circle
D:10:     nzn_motion_control, layout_irregular_city,
          minmay_orc_entry_temple_small
Temple:   cyrus_temple_forest

Skill      XL: |  1  2  3  4  5  6  7  8  9 10 11 |
---------------+----------------------------------+-----
Spellcasting   | 1 2 3 4 5 6 7 |  7.7
Ice Magic      | 6 7 8 9 |  9.9
Fighting       | 1 2 3 5 6 7 |  7.0
Conjurations   | 1 2 3 5 6 7 |  7.0
Stealth        | 5 7 9 11 | 11.7
Long Blades    | |  1.0
Shields        | |  1.0

Action                   |  1- 3 |  4- 6 |  7- 9 | 10-12 || total
-------------------------+-------+-------+-------+-------++-------
Melee: Quarterstaff      |     6 |       |       |       ||     6
       Dagger            |    17 |    58 |       |       ||    75
       Trident           |       |    63 |   232 |   129 ||   424
 Cast: Freeze            |    43 |    14 |     8 |     1 ||    66
       Frozen Ramparts   |     2 |    22 |    34 |    31 ||    89
       Ozocubu's Armour  |       |    11 |    21 |    20 ||    52
       Hailstorm         |       |       |     4 |    50 ||    54
       Summon Ice Beast  |       |       |       |     4 ||     4
       Ice Form          |       |       |       |     2 ||     2
 Abil: Spit Poison       |    19 |     1 |     3 |     3 ||    26
  Use: Scroll            |       |       |     9 |     3 ||    12
       Potion            |       |       |     2 |     3 ||     5
 Stab: Sleeping          |     3 |     4 |     8 |     5 ||    20
       Distracted        |     1 |     1 |     2 |       ||     4
Armor: Robe              |    10 |    55 |   190 |   132 ||   387
       Skin              |       |       |    17 |     3 ||    20
Dodge: Dodged            |    19 |    57 |   103 |    90 ||   269
